 Dungeon Crawl Stone Soup version 0.29.1-14-g9c671dbff4 (webtiles) character file.

Game seed: 1281196750944260315

50 wolfrpgdude the Trooper (level 3, -9/34 HPs)
             Began as a Minotaur Fighter on Feb 15, 2023.
             Was an Initiate of the Shining One.
             Mangled by a gnoll
             ... wielding a +0 halberd
              (11 damage)
             ... on level 2 of the Dungeon.
             The game lasted 00:02:58 (1197 turns).

wolfrpgdude the Trooper (Minotaur Fighter)          Turns: 1197, Time: 00:02:59

Health: -9/34      AC:  8    Str: 22    XL:     3   Next: 55%
Magic:  2/2        EV:  9    Int:  5    God:    the Shining One [......]
Gold:   128        SH:  4    Dex:  9    Spells: 2/2 levels left

rFire   . . .      SeeInvis .   a - +1 long sword
rCold   . . .      Faith    .   c - +0 buckler
rNeg    . . .      Spirit   .   b - +1 scale mail
rPois   .          Reflect  .   (helmet restricted)
rElec   .          Harm     .   (no cloak)
rCorr   .          Rampage  .   (no gloves)
Will    +....                   (no boots)
Stlth   ..........              (no amulet)
HPRegen 0.11/turn               e - ring of willpower
MPRegen 0.08/turn               (no ring)

@: glowing
A: horns 2, retaliatory headbutt
a: Renounce Religion


You were on level 2 of the Dungeon.
You worshipped the Shining One.
The Shining One was noncommittal.
You visited 1 branch of the dungeon, and saw 4 of its levels.

You collected 128 gold pieces.

Inventory:

Hand Weapons
 a - a +1 long sword (weapon)
Armour
 b - a +1 scale mail (worn)
 c - a +0 buckler (worn)
Jewellery
 e - a ring of willpower (left hand)
Scrolls
 h - a scroll of amnesia
Potions
 d - 2 potions of might
 f - a potion of mutation {unknown}


   Skills:
 + Level 4.5 Fighting
 + Level 3.2 Long Blades
 + Level 4.1 Armour
 + Level 0.3 Dodging
 + Level 3.8 Shields


You had 2 spell levels left.
You didn't know any spells.
Your spell library was empty.

Dungeon Overview and Level Annotations

Branches:
Dungeon (4/15)
 Temple: D:4-7

Altars:
Kikubaaqudgha
The Shining One


Innate Abilities, Weirdness & Mutations

You have a pair of horns on your head.
You reflexively headbutt those who attack you in melee.


Message History

As you read the scroll labelled DONKEH BIOMASUBAO, it crumbles to dust.
It is a scroll of enchant weapon.
Your +0 long sword glows red for a moment.
You open the door.
There is an open door here.
Found 3 stones.
You see here 3 stones.
There is a stone staircase leading down here.
A goblin comes into view. It is wielding a +0 club.
You block the goblin's attack.
You closely miss the goblin. You block the goblin's attack.
You slash the goblin!
You kill the goblin!
You see here a +0 club.
You open the door. 4 gnolls come into view.
The gnoll shouts! x3
There is an open door here.
The gnoll hits you but does no damage. The gnoll hits you with a +0 whip.
You barely miss the gnoll. You headbutt the gnoll.
The gnoll is heavily wounded.
A dart slug comes into view.
The gnoll hits you with a +0 flail! The gnoll hits you but does no damage.
The gnoll hits you with a +0 flail. The gnoll closely misses you.
The gnoll misses you. You furiously retaliate!
You headbutt the gnoll. The gnoll misses you.
You hit the gnoll.
The gnoll is moderately wounded.
The gnoll hits you with a +0 flail. The gnoll hits you with a +0 club.
The gnoll hits you with a +0 halberd!
* * * LOW HITPOINT WARNING * * *
The gnoll hits you with a +0 whip.
* * * LOW HITPOINT WARNING * * *
You hit the gnoll but do no damage.
You headbutt the gnoll, but do no damage.
The gnoll is moderately wounded.
The gnoll hits you with a +0 flail.
* * * LOW HITPOINT WARNING * * *
You block the gnoll's attack. The gnoll hits you with a +0 halberd!
You die...

# ######
###############.g..#.###
##......).....'.@gw.....
##.############gg..#.###
##.# ###### ..># ##.#
#.# ##.#### ~~~~~.#
~~.~~~.#


You could see 4 gnolls and a dart slug.

Vanquished Creatures
  An adder (D:4)
  2 orcs (D:4)
  2 bats (D:1)
  4 endoplasms
  A goblin (D:2)
  8 hobgoblins
  5 kobolds
  A quokka (D:4)
  7 ball pythons
  4 frilled lizards
  A rat (D:1)
36 creatures vanquished.

Vanquished Creatures (others)
  A fungus (D:1)
  5 plants (D:4)
6 creatures vanquished.

Grand Total: 42 creatures vanquished

Notes
Turn   | Place    | Note
-------+----------+-------------------------------------------
     0 | D:1      | wolfrpgdude the Minotaur Fighter began the quest for the
                  | Orb.
     0 | D:1      | Reached XP level 1. HP: 19/19 MP: 0/0
   295 | D:1      | Reached XP level 2. HP: 27/27 MP: 1/1
   362 | D:1      | Found a faded altar of an unknown god.
   878 | D:2      | You fall into a shaft and drop 2 floors!
   897 | D:4      | Found a glowing golden altar of the Shining One.
   902 | D:4      | Reached XP level 3. HP: 33/33 MP: 2/2
   906 | D:4      | Became a worshipper of the Shining One
  1031 | D:4      | Found an ancient bone altar of Kikubaaqudgha.
  1197 | D:2      | Mangled by a gnoll

Illustrated notes

Levels and vault maps discovered:
D:1:      dpeg_arrival_oval, layout_basic, dreamdust_ecumenical_altar_grove
D:2:      layout_basic, serial_rivers, chequers_serial_rivers_large_b,
          chequers_serial_rivers_micro_b, chequers_serial_rivers_marsh,
          chequers_serial_rivers_large_a
D:3:      layout_rooms, hex_large, minmay_misc_feat_tower
D:4:      layout_cave_pools, mainiacjoe_overflow_cross_hatched,
          lemuel_coloured_pillars_altar, guppyfry_early_lair_pool, uniq_grinder

Skill      XL: |  1  2 |
---------------+-------+-----
Armour         | 4 |  4.1
Fighting       | 4 |  4.5
Long Blades    | 3 |  3.2
Dodging        | |  0.3
Shields        | |  3.8

Action                   || total
-------------------------++-------
Melee: Long sword        ||    81
       Headbutt          ||    12
  Use: Scroll            ||     5
Armor: Scale mail        ||    35
Dodge: Dodged            ||    40
Block: Buckler           ||    17
